 Dungeon Crawl Stone Soup version 0.25-a0-294-gea9b1ad378 (webtiles) character file.

Game seed: 6944046595306231513, levelgen mode: deterministic

1307 Lanoc the Frost Mage (level 8, 0/52 HPs)
             Began as a Barachi Ice Elementalist on Dec 19, 2019.
             Was an Elder of Cheibriados.
             Slain by an orc priest
             ... wielding a +0 short sword of venom
              (2 damage)
             ... on level 5 of the Dungeon.
             The game lasted 00:10:40 (5052 turns).

Lanoc the Frost Mage (Barachi Ice Elementalist)     Turns: 5052, Time: 00:10:40

Health: 0/52       AC:  3    Str: 18    XL:     8   Next: 57%
Magic:  11/11      EV: 18    Int: 27    God:    Cheibriados [****..]
Gold:   327        SH:  0    Dex: 22    Spells: 3/11 levels left

rFire    . . .     SeeInvis .   f - +0 hand axe (venom)
rCold    . . .     Gourm    .   (no shield)
rNeg     . . .     Faith    .   a - +0 robe
rPois    .         Spirit   .   (no helmet)
rElec    .         Reflect  .   (no cloak)
rCorr    .         Harm     .   (no gloves)
MR       .....                  l - +0 pair of boots
Stlth    ++........             (no amulet)
HPRegen  0.17/turn              (no ring)
MPRegen  0.12/turn              (no ring)

@: very slow
A: +LOS, swims, slowness 1, strong legs 1
a: Hop, Bend Time, Temporal Distortion, Slouch, Renounce Religion


You were on level 5 of the Dungeon.
You worshipped Cheibriados.
Cheibriados was greatly pleased with you.
You were not hungry.

You visited 1 branch of the dungeon, and saw 5 of its levels.

You collected 327 gold pieces.

Inventory:

Hand Weapons
 f - a +0 hand axe of venom (weapon)
Missiles
 h - 2 throwing nets (quivered)
Armour
 a - a +0 robe (worn)
 l - a +0 pair of boots (worn)
Wands
 o - a wand of polymorph (6)
Scrolls
 d - 2 scrolls of teleportation {unknown}
 g - 2 scrolls of identify {unknown}
 j - 4 scrolls of amnesia {unknown}
 k - a scroll of enchant armour {unknown}
 n - 5 scrolls of remove curse
 p - 2 scrolls of random uselessness {unknown}
 q - a scroll of enchant weapon {unknown}
 s - a scroll of fog {unknown}
Potions
 b - a potion of lignification {unknown}
 e - a potion of brilliance {unknown}
 i - a potion of curing
 m - a potion of flight {unknown}
 t - a potion of heal wounds {unknown}
Comestibles
 c - 13 rations


   Skills:
 + Level 6.7 Dodging
 - Level 1.7 Stealth
 - Level 2.1 Spellcasting
 * Level 10.9 Ice Magic


You had 3 spell levels left.
You knew the following spells:

 Your Spells              Type           Power        Failure   Level  Hunger
a - Freeze                Ice            ####         1%          1    None
b - Ozocubu's Armour      Chrm/Ice       ####....     3%          3    ###....
c - Hailstorm             Conj/Ice       ####....     10%         4    ####...

Your spell library contained the following spells:

 Spells                   Type           Power        Failure   Level  Hunger
 Summon Ice Beast         Ice/Summ       ####....     10%         4    ####...


Dungeon Overview and Level Annotations

Branches:
Dungeon (5/15)
 Temple: D:4-7

Altars:
Ashenzari
Cheibriados
Makhleb
Qazlal
Xom

Annotations:
D:3 2 runed translucent doors, Borgoz's ghost, amateur GrGl; Crazy Yiuf
D:4 1 runed translucent door, Borgoz's ghost, amateur GrFi


Innate Abilities, Weirdness & Mutations

You can be seen from farther away. (+LOS)
You can swim through water.
You cover ground slowly.
You can hop short distances.


Message History

The orc warrior hits you from afar with a +0 halberd!
Unknown command.
The orc priest miscasts a cantrip.
The orc priest misses you.
The orc priest hits you with a +0 short sword of venom.
The orc warrior completely misses you.
The orc priest begins to cast a cantrip, but forgets the words!
You see here a +0 chain mail.
You hit the orc priest but do no damage.
You hit the orc warrior.
The orc warrior is poisoned.
You barely miss the orc priest.
You kill the orc priest!
Cheibriados thoroughly appreciates the change of pace.
The orc priest mumbles some strange prayers to Beogh against you.
Beogh smites you!
* * * LOW HITPOINT WARNING * * *
The orc warrior hits you with a +0 halberd.
* * * LOW HITPOINT WARNING * * *
The orc priest hits you with a +0 short sword of venom.
You die...

# #...# ##.## #
######..## #....#
#........# #.....##
##........## .......#
#.......#..###.......#
##.......##.##........#
###.......####.#........#
#..#.....## #.#)o......#
..####..## ##.@o.....#
### #### #.)......# #
#........# ........##
##.......# ##.....##
###.### # .. # #.#


You could see an orc warrior and an orc priest.

Vanquished Creatures
  Eustachio (D:4)
  A sky beast (D:3)
  3 ogres
  A centaur (D:5)
  A howler monkey (D:5)
  A bullfrog skeleton (D:4)
  2 hounds (D:4)
  2 orc priests
  2 jellies
  2 orc wizards (D:3)
  3 iguanas
  Natasha (thrice) (D:4)
  3 worker ants (D:4)
  A hound zombie (D:5)
  5 adders
  4 oozes
  5 worms
  4 dart slugs
  4 leopard geckos
  24 orcs
  A ball python (D:1)
  8 bats
  2 giant cockroaches
  8 hobgoblins
  4 jackals (D:4)
  2 quokkas (D:2)
  A ball python skeleton (D:5)
  6 frilled lizards
  11 goblins
  10 kobolds
  7 rats
132 creatures vanquished.

Notes
Turn   | Place    | Note
-------+----------+-------------------------------------------
     0 | D:1      | Lanoc the Barachi Ice Elementalist began the quest for the
                  | Orb.
     0 | D:1      | Reached XP level 1. HP: 13/13 MP: 3/3
    13 | D:1      | Reached skill level 5 in Ice Magic
    78 | D:1      | Reached XP level 2. HP: 16/19 MP: 3/5
   383 | D:1      | Reached XP level 3. HP: 21/24 MP: 3/6
   768 | D:2      | Found a shattered altar of Ashenzari.
   980 | D:2      | Reached skill level 6 in Ice Magic
   980 | D:2      | Reached XP level 4. HP: 24/30 MP: 2/7
  1226 | D:2      | Learned a level 3 spell: Ozocubu's Armour
  1318 | D:2      | Found a burning altar of Makhleb.
  1340 | D:2      | Found a snail-covered altar of Cheibriados.
  1346 | D:2      | Became a worshipper of Cheibriados the Contemplative
  1564 | D:2      | Found a shimmering altar of Xom.
  1588 | D:2      | Reached * piety under Cheibriados
  1828 | D:3      | Reached XP level 5. HP: 34/35 MP: 1/8
  1857 | D:3      | Found a runed translucent door.
  1858 | D:3      | Noticed Crazy Yiuf
  1978 | D:3      | Learned a level 4 spell: Hailstorm
  2001 | D:3      | Reached skill level 7 in Ice Magic
  2318 | D:3      | Reached ** piety under Cheibriados
  2381 | D:3      | Noticed a sky beast
  2389 | D:3      | Killed a sky beast
  2389 | D:3      | Reached XP level 6. HP: 16/41 MP: 3/9
  2606 | D:3      | Reached skill level 8 in Ice Magic
  2675 | D:3      | Found a runed translucent door.
  2677 | D:3      | Noticed Borgoz's ghost (amateur GrGl)
  2975 | D:4      | Noticed Natasha
  2989 | D:4      | Killed Natasha
  3010 | D:4      | Reached *** piety under Cheibriados
  3268 | D:4      | Noticed Natasha
  3269 | D:4      | Found a runed translucent door.
  3277 | D:4      | Killed Natasha
  3277 | D:4      | Reached XP level 7. HP: 28/46 MP: 7/10
  3287 | D:4      | Reached skill level 5 in Dodging
  3358 | D:4      | Found a stormy altar of Qazlal.
  3368 | D:4      | Noticed Natasha
  3374 | D:4      | Killed Natasha
  3387 | D:4      | Noticed Eustachio
  3401 | D:4      | Killed Eustachio
  3401 | D:4      | Reached skill level 9 in Ice Magic
  3720 | D:4      | Reached XP level 8. HP: 22/52 MP: 8/11
  4017 | D:4      | Noticed Borgoz's ghost (amateur GrFi)
  4287 | D:4      | Reached skill level 10 in Ice Magic
  4620 | D:5      | Entered Level 5 of the Dungeon
  4965 | D:5      | Reached **** piety under Cheibriados
  5052 | D:5      | HP: 2/52 [orc warrior/+0 halberd (5)]
  5052 | D:5      | Slain by an orc priest

Levels and vault maps discovered:
D:1:      dpeg_arrival_water_altar, layout_loops_cross
D:2:      layout_basic, lemuel_round_altar, evilmike_ruin_ashenzari,
          overflow_temple_1_default, grunt_ministairs_1, tgw_xom
D:3:      layout_loops_corners, ebering_ghost_sewer_d, first_ration,
          uniq_crazy_yiuf_cottage
D:4:      layout_basic, grunt_qazlal_clouds, ebering_ghost_reflecting_pool,
          minmay_misc_feat_nine_boxes, chequers_mini_garden, uniq_eustachio,
          uniq_natasha
D:5:      lemuel_upstairs_altar, layout_cave_pods, serial_shops, shop

Skill      XL: |  1  2  3  4  5  6  7  8 |
---------------+-------------------------+-----
Ice Magic      | 5 6 7 8 9 10 | 10.9
Dodging        | 3 4 5 6 |  6.7
Stealth        | |  1.7
Spellcasting   | |  2.1

Action                   |  1- 3 |  4- 6 |  7- 9 || total
-------------------------+-------+-------+-------++-------
Melee: Unarmed           |     2 |       |       ||     2
       Hand axe          |     4 |   118 |    71 ||   193
 Cast: Freeze            |    44 |    61 |    33 ||   138
       Ozocubu's Armour  |       |     2 |       ||     2
       Hailstorm         |       |       |     1 ||     1
  Use: Scroll            |       |     1 |       ||     1
       Potion            |       |       |     1 ||     1
 Stab: Sleeping          |       |     8 |     6 ||    14
       Invisible         |       |     1 |       ||     1
  Eat: Chunk             |     1 |     5 |     4 ||    10
Armor: Robe              |     6 |    32 |    14 ||    52
Dodge: Dodged            |    34 |   143 |   107 ||   284

Table legend:
 A = Non-vault XP
 B = Vault XP
 C = Vault XP percentage of total XP
 D = Non-vault monster count
 E = Vault monster count
 F = Vault count percentage of total count
                 A         B        C        D         E       F
            +---------+---------+-------+---------+---------+-------
      Total |    1609 |     259 |  13.9 |     125 |       7 |   5.3
            +---------+---------+-------+---------+---------+-------
        D:1 |      43 |       0 |   0.0 |      22 |       0 |   0.0
        D:2 |      67 |      28 |  29.5 |      27 |       5 |  15.6
        D:3 |     362 |       0 |   0.0 |      37 |       0 |   0.0
        D:4 |     634 |     231 |  26.7 |      23 |       2 |   8.0
        D:5 |     503 |       0 |   0.0 |      16 |       0 |   0.0
            +---------+---------+-------+---------+---------+-------
